 Dungeon Crawl Stone Soup version 0.24.1-14-gf8d2b509d9 (webtiles) character file.

Game seed: 4852581703742288472, levelgen mode: deterministic

19926 Hugehornet the Cleaver (level 12, -4/64 HPs)
             Began as a Gargoyle Fighter on May 20, 2020.
             Was an Initiate of Gozag.
             Slain by a freezing wraith (6 damage)
             ... led by a death knight
             ... on level 11 of the Dungeon.
             The game lasted 00:27:26 (12190 turns).

Hugehornet the Cleaver (Gargoyle Fighter)          Turns: 12190, Time: 00:27:28

Health: -4/64      AC: 21    Str: 26    XL:     12   Next: 74%
Magic:  0/21       EV:  8    Int: 12    God:    Gozag
Gold:   456        SH: 11    Dex:  9    Spells: 11/11 levels left

rFire    + . .     SeeInvis .   U - +8 flail of Dung {pain, rN+ Int+4}
rCold    . . .     Gourm    .   c - +0 shield
rNeg     + + .     Faith    .   q - +2 scale mail {rF+}
rPois    ∞         Spirit   +   o - +0 hat
rElec    +         Reflect  .   M - +0 cloak
rCorr    .         Harm     .   h - +0 pair of gloves
MR       .....                  (no boots)
Stlth    ..........             b - amulet of guardian spirit
HPRegen  0.20/turn              (no ring)
MPRegen  0.17/turn              P - ring of magical power

@: about to teleport
A: negative energy resistance 1, electricity resistance, unbreathing,
petrification resistance, rot immunity, AC +8
a: Potion Petition, Call Merchant, Bribe Branch, Renounce Religion


You were on level 11 of the Dungeon.
You worshipped Gozag.
Gozag was aware of your devotion.
You were not hungry.

You visited 2 branches of the dungeon, and saw 12 of its levels.

You collected 1862 gold pieces.
You spent 605 gold pieces at shops.
You paid 801 gold pieces to Gozag.

Inventory:

Hand Weapons
 J - a +0 mace of holy wrath
 R - a +0 trident
 T - a +0 eveningstar
 U - the +8 flail of Dung (weapon) {pain, rN+ Int+4}
   (You found it on level 8 of the Dungeon)

   In the hands of one skilled in necromantic magic, it inflicts extra damage on
   living creatures.
   It affects your intelligence (+4).
   It protects you from negative energy.
 X - a +0 broad axe
Missiles
 g - 481 stones (quivered)
 u - 6 boomerangs
 H - 67 poisoned darts
 Q - 6 atropa-tipped darts
Armour
 c - a +0 shield (worn)
 h - a +0 pair of gloves (worn)
 o - a +0 hat (worn)
 q - a +2 scale mail of fire resistance (worn)
 K - a +0 plate armour
 M - a +0 cloak (worn)
Jewellery
 b - an amulet of guardian spirit (around neck)
 n - an uncursed amulet of magic regeneration
 P - a ring of magical power (right hand)
Wands
 d - a wand of enslavement (14)
 w - a wand of acid (6)
 F - a wand of flame (49)
 I - a wand of polymorph (10)
 N - a wand of iceblast (10)
Scrolls
 e - 2 scrolls of immolation
 i - 9 scrolls of remove curse
 m - 2 scrolls of amnesia {unknown}
 p - 2 scrolls of fog {unknown}
 t - a scroll of random uselessness {unknown}
 y - 2 scrolls of teleportation
 O - a scroll of fear {unknown}
Potions
 j - a potion of ambrosia
 k - 5 potions of agility
 l - a potion of lignification
 r - 5 potions of flight
 s - a potion of resistance
 v - 2 potions of brilliance
 x - 2 potions of invisibility {unknown}
 A - 2 potions of haste
 B - 8 potions of curing
 C - a potion of cancellation
 E - a potion of heal wounds
 G - a potion of degeneration {unknown}
 V - a potion of mutation
 W - 2 potions of berserk rage
Comestibles
 f - 24 rations


   Skills:
 - Level 3.2 Fighting
 - Level 13.6(14.7) Axes
 - Level 10.8(14.0) Maces & Flails
 * Level 8.6 Armour
 + Level 6.5 Shields


You had 11 spell levels left.
You didn't know any spells.
Your spell library contained the following spells:

 Spells                   Type           Power        Failure   Level  Hunger
 Bolt of Magma            Conj/Fire/Erth #.........   100%        5    ######.
 Iskenderun's Battlesphe  Conj/Chrm      #.......     100%        5    ######.
 Venom Bolt               Conj/Pois      #.........   100%        5    ######.
 Iron Shot                Conj/Erth      #.........   100%        6    #######
 Orb of Destruction       Conj           #.........   100%        7    #######
 Spellforged Servitor     Conj/Summ      #.........   100%        7    #######


Dungeon Overview and Level Annotations

Branches:
Dungeon (11/15)            Temple (1/1) D:5            Lair (0/6) D:10
    Orc (0/2) D:9

Altars:
Ashenzari
Cheibriados
Dithmenos
Elyvilon
Fedhas
Gozag
Hepliaklqana
Kikubaaqudgha
Makhleb
Nemelex Xobeh
Okawaru
Qazlal
Ru
Sif Muna
Trog
Uskayaw
Vehumet
Wu Jian
Xom
Yredelemnul
Zin
The Shining One

Shops:
D:10 !*

Annotations:
D:10 3 runed translucent doors, Zyjax's ghost, journeyman DDFi
D:11 Maurice


Innate Abilities, Weirdness & Mutations

You are resistant to torment.
Your stone body is resilient. (AC +8)
You are immune to poison.
You resist negative energy. (rN+)
You are resistant to electric shocks. (rElec)
You can survive without breathing.
You are immune to petrification.
You are immune to rotting.


Message History

Deactivating autopickup; reactivate with Ctrl-A.
As you read the scroll of teleportation, it crumbles to dust.
You feel strangely unstable. The freezing wraith hits you.
The freezing wraith freezes you! You block the freezing wraith's attack.
The phantasmal warrior hits you!
* * * LOW HITPOINT WARNING * * *
The wraith hits you but does no damage. The freezing wraith closely misses you.
The freezing wraith hits you but does no damage.
The death knight hits you from afar with a +4 halberd!
* * * LOW HITPOINT WARNING * * *
The phantasmal warrior blinks!
The phantasmal warrior hits you!
* * * LOW HITPOINT WARNING * * *
You feel much better. You block the freezing wraith's attack.
The freezing wraith hits you but does no damage.
The phantasmal warrior hits you!!
* * * LOW HITPOINT WARNING * * *
You block the freezing wraith's attack. The freezing wraith hits you.
You die...
Your body crumbles into a pile of gold.

###### ####### .
#....#######.....##..
###....#....#..........
+.#....#...........§...
#......................
###...........)........
######...........W........
................WW........
...##...........@Wp...$...
.)........######..........
...##......## ##.....##..
...^........## ##.##.## .
.............###..#..#
........≈..≈≈.##.#..##
....)..≈≈≈≈≈≈≈.....#
..........#####.#.##
######
...................#
#....######


You could see a death knight, a phantasmal warrior, 2 freezing wraiths and a
wraith.

Vanquished Creatures
  Harold (D:7)
  2 hydras
  2 two-headed ogres
  An unseen horror (D:11)
  A centaur skeleton (D:10)
  2 trolls
  A hippogriff (D:9)
  A wyvern (D:8)
  11 yaks (D:10)
  2 wraiths
  A human (D:10)
  Eustachio (D:4)
  3 hogs (D:10)
  A hungry ghost (D:9)
  A two-headed ogre zombie (D:9)
  2 water moccasins
  3 porcupines (D:10)
  4 orc warriors
  2 eyes of draining
  3 sky beasts
  A necrophage (D:11)
  A black bear (D:8)
  2 phantoms (D:8)
  7 ogres
  9 centaurs
  2 crocodiles (D:10)
  6 bullfrogs
  3 big kobolds
  3 scorpions
  4 killer bees (D:11)
  14 wights
  A howler monkey (D:8)
  7 crimson imps
  A centaur zombie (D:5)
  6 hounds
  2 bullfrog skeletons
  A jelly (D:6)
  8 orc priests
  A quasit (D:8)
  10 orc wizards
  Ijyb (D:5)
  5 iguanas
  7 worker ants
  A killer bee zombie (D:10)
  7 ogre zombies (D:9)
  A hound skeleton (D:5)
  13 gnolls
  A howler monkey skeleton (D:8)
  7 adders
  2 shadow imps
  An ooze (D:3)
  An adder zombie (D:9)
  An adder skeleton (D:5)
  3 worms
  3 dart slugs (D:2)
  3 leopard geckos
  39 orcs
  A ball python (D:1)
  3 giant cockroaches
  5 goblins (D:1)
  5 hobgoblins
  5 jackals
  7 quokkas
  A ball python skeleton (D:4)
  5 bats
  8 frilled lizards
  3 goblin skeletons (D:9)
  A goblin zombie (D:9)
  2 hobgoblin skeletons (D:9)
  4 hobgoblin zombies (D:9)
  3 jackal skeletons (D:4)
  A jackal zombie (D:5)
  17 kobolds
  A leopard gecko zombie (D:6)
  3 orc skeletons (D:9)
  12 orc zombies (D:9)
  4 rats
321 creatures vanquished.

Vanquished Creatures (others)
  A sky beast (D:8)
  A fungus (D:10)
  4 plants (D:10)
6 creatures vanquished.

Grand Total: 327 creatures vanquished

Notes
Turn   | Place    | Note
-------+----------+-------------------------------------------
     0 | D:1      | Hugehornet the Gargoyle Fighter began the quest for the
                  | Orb.
     0 | D:1      | Reached XP level 1. HP: 14/14 MP: 1/1
    58 | D:1      | Reached skill level 2 in Axes
    70 | D:1      | Reached XP level 2. HP: 19/19 MP: 2/2
   841 | D:1      | Noticed a bullfrog
   889 | D:2      | Reached skill level 3 in Axes
   926 | D:2      | Reached XP level 3. HP: 20/23 MP: 3/3
   990 | D:2      | Reached XP level 4. HP: 17/28 MP: 4/4
  1451 | D:2      | Reached skill level 4 in Axes
  1801 | D:3      | Reached XP level 5. HP: 30/32 MP: 5/5
  1873 | D:3      | Reached skill level 5 in Axes
  1957 | D:3      | Found a faded altar of an unknown god.
  2465 | D:3      | Reached XP level 6. HP: 37/37 MP: 6/6
  2776 | D:4      | Reached skill level 6 in Axes
  2888 | D:4      | Noticed Eustachio
  2919 | D:4      | Killed Eustachio
  2919 | D:4      | Reached XP level 7. HP: 13/41 MP: 7/7
  3423 | D:4      | Found a bloodstained altar of Trog.
  3510 | D:4      | Reached skill level 7 in Axes
  4015 | D:5      | Entered Level 5 of the Dungeon
  4130 | D:5      | Reached skill level 8 in Axes
  4335 | D:5      | Reached XP level 8. HP: 40/46 MP: 6/8
  4426 | D:5      | Found an iron altar of Okawaru.
  4426 | D:5      | Noticed Ijyb
  4438 | D:5      | Killed Ijyb
  4485 | D:5      | Found a staircase to the Ecumenical Temple.
  4521 | Temple   | Entered the Ecumenical Temple
  5256 | D:5      | Reached skill level 9 in Axes
  6010 | D:6      | Found a burning altar of Makhleb.
  6059 | D:6      | Noticed a troll
  6071 | D:6      | Killed a troll
  6071 | D:6      | Reached skill level 10 in Axes
  6292 | D:6      | Reached XP level 9. HP: 51/51 MP: 9/9
  6318 | D:6      | Found a shimmering altar of Xom.
  6805 | D:7      | Reached skill level 11 in Axes
  7199 | D:7      | Noticed Harold
  7245 | D:8      | Found an opulent altar of Gozag.
  7245 | D:8      | Found a sparkling altar of Nemelex Xobeh.
  7304 | D:8      | Became a worshipper of Gozag Ym Sagoz the Greedy
  7465 | D:8      | Reached skill level 12 in Axes
  7616 | D:8      | Found a sparkling altar of Nemelex Xobeh.
  7641 | D:8      | Reached XP level 10. HP: 56/56 MP: 10/10
  7654 | D:8      | Noticed a two-headed ogre
  7672 | D:8      | Killed a two-headed ogre
  7672 | D:8      | Reached skill level 13 in Axes
  7793 | D:7      | Killed Harold
  7991 | D:7      | Found a glowing silver altar of Zin.
  7991 | D:7      | Found a glowing golden altar of the Shining One.
  8000 | D:7      | Found a white marble altar of Elyvilon.
  8456 | D:8      | Found a shadowy altar of Dithmenos.
  8556 | D:8      | Got a polished flail
  8557 | D:8      | Identified the +8 flail of Dung {pain, rN+ Int+4} (You
                  | found it on level 8 of the Dungeon)
  8662 | D:8      | Reached skill level 1 in Maces & Flails
  8745 | D:8      | Found an ornate altar of the Wu Jian Council.
  8927 | D:8      | Found a blossoming altar of Fedhas.
  8927 | D:8      | Found a radiant altar of Vehumet.
  9003 | D:9      | You fall into a shaft and drop 1 floor!
  9003 | D:10     | Entered Level 10 of the Dungeon
  9063 | D:10     | Found Osutoxke's Distillery.
  9104 | D:10     | Bought a potion of curing for 33 gold pieces
  9104 | D:10     | Bought a potion of heal wounds for 55 gold pieces
  9104 | D:10     | Bought a potion of curing for 33 gold pieces
  9104 | D:10     | Bought a potion of haste for 110 gold pieces
  9104 | D:10     | Bought a potion of curing for 33 gold pieces
  9104 | D:10     | Bought 2 potions of curing for 66 gold pieces
  9104 | D:10     | Bought a potion of mutation for 88 gold pieces
  9104 | D:10     | Bought a potion of brilliance for 44 gold pieces
  9104 | D:10     | Bought a potion of berserk rage for 55 gold pieces
  9104 | D:10     | Bought a potion of cancellation for 88 gold pieces
  9106 | D:10     | Reached XP level 11. HP: 40/60 MP: 10/11
  9222 | D:10     | Noticed Zyjax's ghost (journeyman DDFi)
  9223 | D:10     | Found a runed translucent gate.
  9223 | D:10     | Noticed a deep troll
  9224 | D:10     | Found a runed translucent gate.
  9224 | D:10     | Found a runed translucent gate.
  9230 | D:10     | Reached skill level 10 in Maces & Flails
  9406 | D:10     | Found a staircase to the Lair.
  9663 | D:9      | Found a staircase to the Orcish Mines.
  9707 | D:9      | Reached XP level 12. HP: 51/64 MP: 12/12
 10319 | D:10     | Reached skill level 5 in Armour
 10925 | D:10     | Reached skill level 5 in Shields
 11390 | D:11     | Noticed a seven-headed hydra
 11404 | D:10     | Killed a seven-headed hydra
 11757 | D:11     | Noticed an eight-headed hydra
 11765 | D:11     | Killed an eight-headed hydra
 11969 | D:11     | Noticed a two-headed ogre
 11977 | D:11     | Killed a two-headed ogre
 12167 | D:11     | Noticed Maurice
 12173 | D:11     | Noticed a death knight
 12189 | D:11     | HP: 3/64 [phantasmal warrior[a death knight] (6)]
 12190 | D:11     | Slain by a freezing wraith

Levels and vault maps discovered:
D:1:      evilmike_arrival_come_back, layout_basic
D:2:      layout_basic, kennysheep_generic_room_11
D:3:      layout_rooms, first_ration, chequers_ecumenical_altar_twisty,
          cheibrodos_gnoll_hut
D:4:      layout_basic, overflow_temple_1_default, uniq_eustachio
D:5:      layout_loops_ring, minmay_temple_entry_butterflies, basic_altar,
          minmay_fountain_box, uniq_ijyb
D:6:      layout_rooms, nicolae_overflow_hidden_temple, basic_altar
D:7:      layout_basic, good_gods_mini_temple, uniq_harold
D:8:      layout_loops_cross, grunt_temple_overflow_opulence,
          grunt_dithmenos_shadows, gammafunk_temple_overflow_elements,
          overflow_temple_1_default, minmay_ruined_shrine
D:9:      layout_gridville, zombieorc2_lemuel
D:10:     layout_gridville, minmay_lair_entry_grove, serial_shops,
          kennysheep_mini, gammafunk_ghost_split, grunt_livestock
D:11:     layout_rooms, serial_rivers, chequers_serial_rivers_room_b,
          chequers_serial_rivers_micro_b, chequers_serial_rivers_marsh,
          chequers_serial_rivers_micro_e, chequers_serial_rivers_room_a,
          basic_altar, minmay_misc_feat_plants, uniq_maurice
Temple:   minmay_freezing_vapour_temple

Skill      XL: |  1  2  3  4  5  6  7  8  9 10 11 12 |
---------------+-------------------------------------+-----
Axes           | 2 3 4 5 6 8 10 12 13 | 13.6
Maces & Flails | 9 10 | 10.8
Armour         | 8 |  8.6
Shields        | 6 |  6.5
Fighting       | |  3.2

Action                   |  1- 3 |  4- 6 |  7- 9 | 10-12 || total
-------------------------+-------+-------+-------+-------++-------
Melee: War axe           |    85 |   167 |   456 |    98 ||   806
       Flail             |       |       |       |   475 ||   475
Throw: Throwing net      |       |       |     1 |       ||     1
Invok: Call Merchant     |       |       |       |     1 ||     1
  Use: Scroll            |     3 |     3 |     1 |     4 ||    11
       Potion            |       |       |     3 |     8 ||    11
 Stab: Distracted        |       |       |       |     3 ||     3
  Eat: Chunk             |       |     7 |    11 |       ||    18
       Ration            |       |       |     2 |     5 ||     7
Armor: Scale mail        |    59 |   118 |   214 |   268 ||   659
       Skin              |       |       |       |    13 ||    13
Dodge: Dodged            |    20 |    72 |   141 |   142 ||   375
Block: Shield            |    61 |   102 |   213 |   269 ||   645
